NCAA
MICHIGAN STATE SPARTANS @ CALIFORNIA GOLDEN BEARS
05/12/2027
 
TOP OF THE 1ST
Michigan State Spartans batting - Pitching for California Golden Bears : RHP Chris Keats
Pitching: RHP Chris Keats
Batting: SHB Joe Emery 0-0: Ball
1-0: Called Strike
1-1: Ball
2-1: SOLO HOME RUN (Flyball, 9D), Distance : 353 ft
Batting: LHB Gabriel Estrada 0-0: Called Strike
0-1: Ball
1-1: Foul Ball, location: 2F
1-2: Ball
2-2: Strikes out looking
Batting: LHB Cliff Mills 0-0: Ball
1-0: Ball
2-0: Called Strike
2-1: Foul Ball, location: 2F
2-2: Foul Ball, location: 2F
2-2: Foul Ball, location: 2F
2-2: Foul Ball, location: 2F
2-2: Foul Ball, location: 2F
2-2: Ball
3-2: Base on Balls
Batting: RHB Ryan Nelson 0-0: Called Strike
0-1: Called Strike
0-2: Ground out U3 (Groundball, 3)
Cliff Mills to second
Batting: RHB Ryan Fullerton 0-0: Ball
1-0: Ground out 5-3 (Groundball, 56)
Top of the 1st over - 1 run(s), 1 hit(s), 0 error(s), 1 left on base; Michigan State 1 - California 0
BOTTOM OF THE 1ST
California Golden Bears batting - Pitching for Michigan State Spartans : RHP Ralph Williams
Pitching: RHP Ralph Williams
Batting: RHB Cal Cox 0-0: Ball
1-0: Called Strike
1-1: Swinging Strike
1-2: Ball
2-2: Foul Ball, location: 2F
2-2: Strikes out looking
Batting: RHB Mike Ratzlaff 0-0: Ball
1-0: Ball
2-0: Foul Ball, location: 2F
2-1: Foul Ball, location: 2F
2-2: Foul Ball, location: 2F
2-2: Ball
3-2: Foul Ball, location: 2F
3-2: Base on Balls
Batting: RHB Sergio González 0-0: Called Strike
0-1: Ball
1-1: SINGLE (Groundball, 56D)
Mike Ratzlaff to second
Batting: RHB Ed Crockett 0-0: SINGLE (Flyball, 78S)
Mike Ratzlaff to third
Sergio González to second
Batting: RHB Miguel Angel Díaz 0-0: Called Strike
0-1: Ball
1-1: Foul Ball, location: 2F
1-2: Strikes out swinging
Batting: RHB Daniel Moody Error on foul ball, E9
0-1: Ball
1-1: Ball
2-1: Fly out, F7 (Flyball, 78M)
Bottom of the 1st over - 0 run(s), 2 hit(s), 1 error(s), 3 left on base; Michigan State 1 - California 0
TOP OF THE 2ND
Michigan State Spartans batting - Pitching for California Golden Bears : RHP Chris Keats
Batting: LHB Aaron Aguirre 0-0: Ball
1-0: Foul Ball, location: 2F
1-1: Foul Ball, location: 2F
1-2: Ball
2-2: Ball
3-2: Ground out 4-3 (Groundball, 4)
Batting: RHB Nelson Wright 0-0: Ball
1-0: Ball
2-0: Ball
3-0: Base on Balls
Batting: RHB Scott Juárez 0-0: Called Strike
Nelson Wright is caught stealing 2nd base
0-1: Foul Ball, location: 2F
0-2: Ball
1-2: Foul Ball, location: 2F
1-2: Foul Ball, location: 2F
1-2: Ball
2-2: Strikes out swinging
Top of the 2nd over - 0 run(s), 0 hit(s), 0 error(s), 0 left on base; Michigan State 1 - California 0
BOTTOM OF THE 2ND
California Golden Bears batting - Pitching for Michigan State Spartans : RHP Ralph Williams
Batting: LHB B.J. Ware 0-0: Ball
1-0: Ball
2-0: Called Strike
2-1: Ball
3-1: Base on Balls
Batting: RHB Owen Jenkins 0-0: Called Strike
B.J. Ware steals 2nd base
0-1: Ball
1-1: Ball
2-1: Called Strike
2-2: SINGLE (Groundball, 6MD)
B.J. Ware to third
Runner from 3rd tries for Home, SAFE, no throw
Batting: LHB Lee Jenkins 0-0: Ball
1-0: Ball
2-0: Fly out, F7 (Flyball, 7LM)
Batting: RHB Cal Cox 0-0: Ball
1-0: Ball
2-0: Ball
3-0: Called Strike
3-1: Base on Balls
Owen Jenkins to second
Batting: RHB Mike Ratzlaff 0-0: Called Strike
0-1: Ball
1-1: Ball
2-1: Swinging Strike
2-2: Ball
3-2: Base on Balls
Owen Jenkins to third
Cal Cox to second
Batting: RHB Sergio González 0-0: Ball
1-0: Grounds into double play, 6-4-3 (Groundball, 6)
Bottom of the 2nd over - 1 run(s), 1 hit(s), 0 error(s), 2 left on base; Michigan State 1 - California 1
TOP OF THE 3RD
Michigan State Spartans batting - Pitching for California Golden Bears : RHP Chris Keats
Batting: RHB Spike Walters 0-0: Bunted foul
0-1: Swinging Strike
0-2: Ball
1-2: Foul Ball, location: 2F
1-2: Strikes out looking
Batting: SHB Joe Emery 0-0: Swinging Strike
0-1: Called Strike
0-2: Strikes out swinging
Batting: LHB Gabriel Estrada 0-0: Ball
1-0: Foul Ball, location: 2F
1-1: Ball
2-1: Foul Ball, location: 2F
2-2: Ball
3-2: Strikes out swinging
Top of the 3rd over - 0 run(s), 0 hit(s), 0 error(s), 0 left on base; Michigan State 1 - California 1
BOTTOM OF THE 3RD
California Golden Bears batting - Pitching for Michigan State Spartans : RHP Ralph Williams
Batting: RHB Ed Crockett 0-0: Called Strike
0-1: Foul Ball, location: 2F
0-2: Strikes out swinging
Batting: RHB Miguel Angel Díaz 0-0: Ball
1-0: Called Strike
1-1: Ground out 5-3 (Groundball, 5L)
Batting: RHB Daniel Moody 0-0: Fly out, F8 (Line Drive, 8LD)
Bottom of the 3rd over - 0 run(s), 0 hit(s), 0 error(s), 0 left on base; Michigan State 1 - California 1
TOP OF THE 4TH
Michigan State Spartans batting - Pitching for California Golden Bears : RHP Chris Keats
Batting: LHB Cliff Mills 0-0: Ball
1-0: Ball
2-0: Called Strike
2-1: Ball
3-1: SINGLE (Line Drive, 7S)
Batting: RHB Ryan Nelson 0-0: Swinging Strike
0-1: Called Strike
0-2: Ball
1-2: Foul Ball, location: 2F
1-2: Foul Ball, location: 2F
1-2: Ball
2-2: Strikes out swinging
Batting: RHB Ryan Fullerton 0-0: Called Strike
0-1: 2-RUN HOME RUN (Flyball, 8LXD), Distance : 398 ft
Batting: LHB Aaron Aguirre 0-0: Foul Ball, location: 2F
0-1: Ball
1-1: Ball
2-1: Foul Ball, location: 2F
2-2: Foul Ball, location: 2F
2-2: Ball
3-2: Base on Balls
Batting: RHB Nelson Wright 0-0: Ball
1-0: Swinging Strike
1-1: Called Strike
1-2: Strikes out swinging
Pitching: LHP Dexter Hubert
Batting: RHB Scott Juárez 0-0: Called Strike
0-1: Ball
1-1: Swinging Strike
1-2: Ball
2-2: Ball
3-2: Foul Ball, location: 2F
3-2: Foul Ball, location: 2F
3-2: Foul Ball, location: 2F
3-2: Base on Balls
Aaron Aguirre to second
Batting: RHB Spike Walters 0-0: Ball
1-0: Fielders Choice at 2nd, 6-4 (Groundball, 6)
Top of the 4th over - 2 run(s), 2 hit(s), 0 error(s), 1 left on base; Michigan State 3 - California 1
BOTTOM OF THE 4TH
California Golden Bears batting - Pitching for Michigan State Spartans : RHP Ralph Williams
Batting: LHB B.J. Ware 0-0: Ball
1-0: Called Strike
1-1: Ground out 3-1 (Groundball, 34)
Batting: RHB Owen Jenkins 0-0: Called Strike
0-1: Swinging Strike
0-2: Ball
1-2: Ball
2-2: Strikes out swinging
Batting: LHB Lee Jenkins 0-0: Ball
1-0: Foul Ball, location: 2F
1-1: Foul Ball, location: 2F
1-2: Ball
2-2: Ground out 3-1 (Groundball, 34)
Bottom of the 4th over - 0 run(s), 0 hit(s), 0 error(s), 0 left on base; Michigan State 3 - California 1
TOP OF THE 5TH
Michigan State Spartans batting - Pitching for California Golden Bears : LHP Dexter Hubert
Batting: SHB Joe Emery 0-0: Ground out 4-3 (Groundball, 4S)
Batting: LHB Gabriel Estrada 0-0: Fly out, F9 (Flyball, 89S)
Batting: LHB Cliff Mills 0-0: Called Strike
0-1: Foul Ball, location: 2F
0-2: SINGLE (Line Drive, 4M)
Batting: RHB Ryan Nelson 0-0: Fly out, F9 (Line Drive, 9)
Top of the 5th over - 0 run(s), 1 hit(s), 0 error(s), 1 left on base; Michigan State 3 - California 1
BOTTOM OF THE 5TH
California Golden Bears batting - Pitching for Michigan State Spartans : RHP Ralph Williams
Batting: RHB Cal Cox 0-0: Ball
1-0: Foul Ball, location: 2F
1-1: Ball
2-1: Foul Ball, location: 2F
2-2: Strikes out looking
Batting: RHB Mike Ratzlaff 0-0: Ball
1-0: Ball
2-0: Called Strike
2-1: Foul Ball, location: 2F
2-2: Strikes out swinging
Batting: RHB Sergio González 0-0: Ball
1-0: Fly out, F9 (Flyball, 9)
Bottom of the 5th over - 0 run(s), 0 hit(s), 0 error(s), 0 left on base; Michigan State 3 - California 1
TOP OF THE 6TH
Michigan State Spartans batting - Pitching for California Golden Bears : LHP Dexter Hubert
Batting: RHB Ryan Fullerton 0-0: Called Strike
0-1: Ball
1-1: Fly out, F8 (Flyball, 8RM)
Batting: LHB Aaron Aguirre 0-0: Ground out U3 (Groundball, 34S)
Batting: RHB Nelson Wright 0-0: Fly out, F8 (Flyball, 8LS)
Top of the 6th over - 0 run(s), 0 hit(s), 0 error(s), 0 left on base; Michigan State 3 - California 1
BOTTOM OF THE 6TH
California Golden Bears batting - Pitching for Michigan State Spartans : RHP Ralph Williams
Pitching: LHP Carlos Martínez
Batting: RHB Ed Crockett 0-0: Called Strike
0-1: Ball
1-1: Swinging Strike
1-2: Ball
2-2: Strikes out swinging
Batting: RHB Miguel Angel Díaz 0-0: Swinging Strike
0-1: Ball
1-1: Fly out, F7 (Line Drive, 78D)
Batting: RHB Daniel Moody 0-0: Ball
1-0: Ball
2-0: Ball
3-0: Base on Balls
Batting: LHB B.J. Ware 0-0: Ball
1-0: Ball
2-0: Ball
3-0: Called Strike
3-1: Ground out 1-3 (Groundball, P)
Bottom of the 6th over - 0 run(s), 0 hit(s), 0 error(s), 1 left on base; Michigan State 3 - California 1
TOP OF THE 7TH
Michigan State Spartans batting - Pitching for California Golden Bears : LHP Dexter Hubert
Batting: RHB Scott Juárez 0-0: Ball
1-0: Ground out 6-3 (Groundball, 56)
Batting: RHB Spike Walters 0-0: Foul Ball, location: 2F
0-1: Ball
1-1: DOUBLE (Flyball, 9LM)
Batting: SHB Joe Emery 0-0: Intentional Walk
Pitching: RHP Dexter Miller
Batting: LHB Gabriel Estrada 0-0: Ball
1-0: Called Strike
1-1: Ball
2-1: Foul Ball, location: 2F
2-2: Foul Ball, location: 2F
2-2: Ball
3-2: Base on Balls
Spike Walters to third
Joe Emery to second
Batting: LHB Cliff Mills 0-0: Ball
1-0: Ball
2-0: Ball
3-0: Base on Balls
Spike Walters scores
Joe Emery to third
Gabriel Estrada to second
Batting: RHB Ryan Nelson 0-0: Ball
1-0: Foul Ball, location: 2F
1-1: Fly out, F9 (Flyball, 9S)
Pinch Hitting: RHB Bennett McGee 0-0: Called Strike
0-1: Called Strike
0-2: Foul Ball, location: 2F
0-2: Ball
1-2: Foul Ball, location: 2F
1-2: Ball
2-2: Ball
3-2: SINGLE (Groundball, 6MD)
Joe Emery scores
Gabriel Estrada to third
Cliff Mills to second
Gabriel Estrada scores
Cliff Mills to third
Batting: LHB Aaron Aguirre 0-0: Called Strike
0-1: Fly out, F9 (Flyball, 89D)
Top of the 7th over - 3 run(s), 2 hit(s), 0 error(s), 2 left on base; Michigan State 6 - California 1
BOTTOM OF THE 7TH
California Golden Bears batting - Pitching for Michigan State Spartans : LHP Carlos Martínez
Now at 3B: Bennett McGee
Batting: RHB Artie Hughes 0-0: Ball
1-0: Ball
2-0: Fly out, F7 (Flyball, 78S)
Batting: LHB Lee Jenkins 0-0: Called Strike
0-1: Foul Ball, location: 2F
0-2: Foul Ball, location: 2F
0-2: Ball
1-2: Ball
2-2: Ball
3-2: Base on Balls
Batting: RHB Cal Cox 0-0: Called Strike
0-1: Ball
1-1: Swinging Strike
1-2: Foul Ball, location: 2F
1-2: Fly out, F4 (Popup, 34)
Batting: RHB Mike Ratzlaff 0-0: Ball
1-0: DOUBLE (Line Drive, 78M)
Lee Jenkins to third
Runner from 3rd tries for Home, SAFE, no throw
Batting: RHB Sergio González 0-0: Ground out 5-3 (Groundball, 56)
Bottom of the 7th over - 1 run(s), 1 hit(s), 0 error(s), 1 left on base; Michigan State 6 - California 2
TOP OF THE 8TH
Michigan State Spartans batting - Pitching for California Golden Bears : RHP Dexter Miller
Now in RF: Artie Hughes
Batting: RHB Nelson Wright 0-0: Ball
1-0: Swinging Strike
1-1: Ball
2-1: Called Strike
2-2: Strikes out swinging
Pitching: RHP Martin Dixon
Batting: RHB Scott Juárez 0-0: Ball
1-0: Foul Ball, location: 2F
1-1: Ball
2-1: Foul Ball, location: 2F
2-2: Foul Ball, location: 2F
2-2: Ground out 5-3 (Groundball, 56)
Batting: RHB Spike Walters 0-0: Ball
1-0: Ball
2-0: Foul Ball, location: 2F
2-1: Ball
3-1: Foul Ball, location: 2F
3-2: Strikes out looking
Top of the 8th over - 0 run(s), 0 hit(s), 0 error(s), 0 left on base; Michigan State 6 - California 2
BOTTOM OF THE 8TH
California Golden Bears batting - Pitching for Michigan State Spartans : LHP Carlos Martínez
Batting: RHB Ed Crockett 0-0: Ball
1-0: Ball
2-0: Ball
3-0: Called Strike
3-1: Foul Ball, location: 2F
3-2: Base on Balls
Batting: RHB Miguel Angel Díaz 0-0: Called Strike
0-1: Ball
1-1: Grounds into double play, 5-4-3 (Groundball, 56)
Batting: RHB Daniel Moody 0-0: Swinging Strike
0-1: Ground out 6-3 (Groundball, 6)
Bottom of the 8th over - 0 run(s), 0 hit(s), 0 error(s), 0 left on base; Michigan State 6 - California 2
TOP OF THE 9TH
Michigan State Spartans batting - Pitching for California Golden Bears : RHP Martin Dixon
Pitching: RHP Gregg Sullivan
Batting: SHB Joe Emery 0-0: Ball
1-0: Ball
2-0: Ball
3-0: Base on Balls
Batting: LHB Gabriel Estrada 0-0: Ball
1-0: Swinging Strike
1-1: Grounds out, U3 (Groundball, 3L)
Batting: LHB Cliff Mills 0-0: Intentional Walk
Batting: RHB Ryan Nelson 0-0: Called Strike
Joe Emery steals 3rd base
Cliff Mills to second
0-1: Ground out 6-3 (Groundball, 6M)
Joe Emery scores
Cliff Mills to third
Batting: RHB Bennett McGee 0-0: Foul Ball, location: 2F
0-1: Ball
1-1: Ball
2-1: Called Strike
2-2: Reached on error, E4 (Popup, 3D)
Cliff Mills scores
Batting: LHB Aaron Aguirre 0-0: Ball
1-0: Ball
2-0: Swinging Strike
2-1: Ball
3-1: Foul Ball, location: 2F
3-2: SINGLE (Line Drive, 34)
Bennett McGee to second
Bennett McGee to third
Batting: RHB Nelson Wright 0-0: Swinging Strike
0-1: Ball
1-1: Fielders Choice at 2nd, 6-4 (Groundball, 6)
Top of the 9th over - 2 run(s), 1 hit(s), 1 error(s), 1 left on base; Michigan State 8 - California 2
BOTTOM OF THE 9TH
California Golden Bears batting - Pitching for Michigan State Spartans : LHP Carlos Martínez
Batting: LHB B.J. Ware 0-0: Ball
1-0: Fly out, F7 (Line Drive, 7LM)
Batting: RHB Artie Hughes 0-0: Called Strike
0-1: Foul Ball, location: 2F
0-2: Ball
1-2: DOUBLE (Groundball, 5L)
Pitching: RHP Jesús Fabián
Batting: LHB Lee Jenkins 0-0: Ball
1-0: Ball
2-0: Called Strike
2-1: Foul Ball, location: 2F
2-2: Foul Ball, location: 2F
2-2: Ball
3-2: Foul Ball, location: 2F
3-2: Foul Ball, location: 2F
3-2: Fly out, F4 (Line Drive, 4)
Batting: RHB Cal Cox 0-0: Ball
1-0: Swinging Strike
1-1: Ball
2-1: Foul Ball, location: 2F
2-2: Ball
3-2: Strikes out swinging
Bottom of the 9th over - 0 run(s), 1 hit(s), 0 error(s), 1 left on base; Michigan State 8 - California 2
Thursday, March 30th, 2017 - OOTP Baseball 17.12 Build 75